 Dungeon Crawl Stone Soup version 0.30.0-15-g856e2d3f33 (webtiles) character file.

Game seed: 12620186207345040046

137 hawla the Firebug (level 5, -2/38 HPs)
             Began as a Meteoran Fire Elementalist on May 19, 2023.
             Slain by Ijyb
             ... wielding a +0 dagger
              (4 damage)
             ... on level 3 of the Dungeon.
             The game lasted 00:06:20 (1023 turns).

hawla the Firebug (Meteoran Fire Elementalist)      Turns: 1023, Time: 00:06:22

Health: -2/38      AC:  3    Str: 10    XL:     5   Next: 72%
Magic:  4/12       EV:  9    Int: 18    God:
Gold:   45         SH:  0    Dex: 14    Spells: 5/12 levels left

rFire   . . .        i - +3 quarterstaff (chaos)
rCold   . . .        (shield currently unavailable)
rNeg    . . .        a - +0 robe
rPois   .            (no helmet)
rElec   .            c - +0 cloak
rCorr   .            (no gloves)
SInv    .            (no boots)
Will    .....        (no amulet)
Stlth   +            (no ring)
HPRegen 0.26/turn    (no ring)
MPRegen 0.13/turn

%: no passive effects
@: grasped by roots, very slightly contaminated, glowing, constricted
A: sense surroundings 1, otherworldly, glowing, explore regen
a: no special abilities


You were on level 3 of the Dungeon.
You visited 1 branch of the dungeon, and saw 4 of its levels.

You collected 45 gold pieces.

Inventory:

Hand Weapons
 h - a +2 spectral quarterstaff
 i - a +3 quarterstaff of chaos (weapon)
Armour
 a - a +0 robe (worn)
 c - a +0 cloak (worn)
Wands
 f - a wand of roots (5)
Scrolls
 e - 3 scrolls of identify
 g - a scroll of enchant armour {unknown}
 j - a scroll of poison {unknown}
Potions
 b - a potion of magic


   Skills:
 + Level 0.7 Staves
 - Level 2.7 Dodging
 - Level 1.4 Stealth
 - Level 4.4 Spellcasting
 + Level 2.8 Conjurations
 - Level 4.9 Fire Magic
 + Level 0.1 Evocations


You had 5 spell levels left.
You knew the following spells:

 Your Spells              Type           Power      Damage    Failure   Level
a - Foxfire               Conj/Fire      68%        2x1d7     3%          1
b - Scorch                Fire           42%        2d6       2%          2
c - Flame Wave            Conj/Fire      17%        2d7       28%         4

Your spell library contained the following spells:

 Spells                   Type           Power      Damage    Failure   Level
 Inner Flame              Hex/Fire       12%        N/A       16%         3
 Volatile Blastmotes      Fire/Tloc      24%        2d12      16%         3


Dungeon Overview and Level Annotations

Branches:
Dungeon (4/15) Zot: 1376
 Temple: D:4-7

Altars:
The Shining One

Annotations:
D:3 Ijyb


Innate Abilities, Weirdness & Mutations

You passively map a small area around you.
You are easily found by Zot.
You glow in the dark.
You regain HP and MP as you explore.


Message History

You closely miss Ijyb. Ijyb hits you with a +0 dagger.
The grasping roots constrict you.
The grasping roots release their grip on you.
You are too injured to fight recklessly!
You are too injured to fight recklessly!
You are too injured to fight recklessly!
You are too injured to fight recklessly!
Unknown command.
Casting: Scorch (safe; 2% risk of failure)
Confirm with . or Enter, or press ? or * to list all spells.
The spell is extremely dangerous to miscast (28% risk of failure)!
Continue anyway?
Casting: Flame Wave (extremely dangerous; 28% risk of failure)
Press: ? - help, Dir - look around, f - activate You miscast Flame Wave.
You are very lightly contaminated with residual magic.
Nothing appears to happen.
Ijyb zaps a wand.
The roots erupt in riotous growth!
The grasping roots grab you!
Ijyb is unaffected.
The grasping roots constrict you.
* * * LOW HITPOINT WARNING * * *
A giant cockroach comes into view.
Ijyb hits you with a +0 dagger.
* * * LOW HITPOINT WARNING * * *
The grasping roots constrict you.
* * * LOW HITPOINT WARNING * * *
Unknown command.
You feel better. Ijyb hits you with a +0 dagger.
* * * LOW HITPOINT WARNING * * *
The grasping roots constrict you.
* * * LOW HITPOINT WARNING * * *
Unknown command.
Casting: Flame Wave (extremely dangerous; 28% risk of failure)
Confirm with . or Enter, or press ? or * to list all spells.
The spell is extremely dangerous to miscast (28% risk of failure)!
Continue anyway?
Casting: Flame Wave (extremely dangerous; 28% risk of failure)
Press: ? - help, Dir - look around, f - activate A wave of flame ripples out!
The flame wave engulfs Ijyb!
Ijyb is moderately wounded. (Press . to intensify the flame waves.) Ijyb hits you with a +0 dagger.
You die...

#### ** #.... *
#.....#################
#....Bg@..............#
#.....###############.#
#...., #.# ####*, #.#
#.# * * ,* #.# * , *
#.# , * , #######.##
.......>..


You could see Ijyb and a giant cockroach.

Vanquished Creatures
  Crazy Yiuf (D:3)
  An orc wizard (D:3)
  A gnoll (D:2)
  2 adders (D:2)
  2 dart slugs
  3 orcs
  6 ball pythons
  2 bats (D:3)
  An endoplasm (D:1)
  A giant cockroach (D:3)
  4 goblins
  3 hobgoblins
  3 jackals (D:3)
  4 kobolds
  5 quokkas
  A frilled lizard (D:2)
  4 rats
44 creatures vanquished.

Vanquished Creatures (others)
  86 foxfires
86 creatures vanquished.

Grand Total: 130 creatures vanquished

Notes
Turn   | Place    | Note
-------+----------+-------------------------------------------
     0 | D:1      | hawla the Meteoran Fire Elementalist began the quest for
                  | the Orb.
     0 | D:1      | Reached XP level 1. HP: 14/14 MP: 5/5
    38 | D:1      | Reached XP level 2. HP: 13/20 MP: 1/7
    41 | D:1      | Learned a level 2 spell: Scorch
   227 | D:2      | Reached XP level 3. HP: 23/26 MP: 4/8
   271 | D:2      | Reached XP level 4. HP: 31/33 MP: 1/10
   356 | D:3      | Found a glowing golden altar of the Shining One.
   453 | D:3      | Reached XP level 5. HP: 30/38 MP: 5/12
   458 | D:3      | Learned a level 4 spell: Flame Wave
   459 | D:3      | Found a faded altar of an unknown god.
   639 | D:3      | Found a runed translucent door.
   640 | D:3      | Noticed Crazy Yiuf
   699 | D:3      | Killed Crazy Yiuf
  1013 | D:3      | Noticed Ijyb
  1023 | D:3      | Slain by Ijyb

Illustrated notes

Levels and vault maps discovered:
D:1:      tarquinn_simple_flora_water_c, layout_loops_ring
D:2:      layout_basic, basic_altar, minmay_pentomino_z2
D:3:      minmay_roachtagon, layout_basic, mainiacjoe_overflow_catwalk,
          mainiacjoe_overflow_surrounded_room, shapermc_ecumenical_altar_venn,
          minivault_23, minmay_door_square, uniq_crazy_yiuf_cottage, uniq_ijyb
D:4:      layout_rooms, okawaru_trees_1,
          mainiacjoe_overflow_concentric_impassable

Skill      XL: |  1  2  3  4  5 |
---------------+----------------+-----
Spellcasting   | 3 4 |  4.4
Fire Magic     | 4 |  4.9
Conjurations   | 2 |  2.8
Staves         | |  0.7
Dodging        | |  2.7
Stealth        | |  1.4
Evocations     | |  0.1

Action                     |  1- 3 |  4- 6 || total
---------------------------+-------+-------++-------
  Melee: Unarmed           |     9 |    10 ||    19
         Quarterstaff      |       |     3 ||     3
   Cast: Foxfire           |    17 |    32 ||    49
         Scorch            |     6 |    10 ||    16
         Flame Wave        |       |     2 ||     2
  Evoke: Wand              |       |     1 ||     1
    Use: Scroll            |       |     1 ||     1
         Potion            |       |     1 ||     1
 Armour: Robe              |    11 |    11 ||    22
  Dodge: Dodged            |    11 |    15 ||    26
